 Dungeon Crawl Stone Soup version 0.28.0-53-g5a82cb258f (webtiles) character file.

Game seed: 11740883019984432315

716 hbsock the Cleaver (level 7, -30/63 HPs)
             Began as a Hill Orc Monk on June 15, 2022.
             Was a Believer of Okawaru.
             Killed from afar by a centaur (35 damage)
             ... with a bolt of acid
             ... on level 5 of the Dungeon on June 20, 2022.
             The game lasted 00:14:21 (6562 turns).

hbsock the Cleaver (Hill Orc Monk)                  Turns: 6562, Time: 00:14:22

Health: -30/63     AC:  5    Str: 22    XL:     7   Next: 69%
Magic:  9/9        EV:  8    Int: 10    God:    Okawaru [**....]
Gold:   165        SH:  0    Dex: 13    Spells: 6/6 levels left

rFire   . . .      SeeInvis .   A - +0 war axe
rCold   . . .      Faith    .   (no shield)
rNeg    . . .      Spirit   .   z - +0 chain mail
rPois   .          Reflect  .   (no helmet)
rElec   .          Harm     .   (no cloak)
rCorr   .          Rampage  .   (no gloves)
Will    +....                   x - +0 pair of boots
Stlth   ..........              (no amulet)
HPRegen 0.20/turn               b - ring of willpower
MPRegen 0.11/turn               l - +6 ring of strength

@: corroded
A: no striking features
a: Renounce Religion, Heroism


You were on level 5 of the Dungeon.
You worshipped Okawaru.
Okawaru was pleased with you.
You visited 1 branch of the dungeon, and saw 5 of its levels.

You collected 165 gold pieces.

Inventory:

Hand Weapons
 r - a +2 flail of holy wrath
 t - a +2 halberd of protection
 w - a +0 flail of protection
 A - a +0 war axe (weapon)
Missiles
 c - 152 stones (quivered)
 h - 105 arrows
 n - 42 bolts
 u - 6 boomerangs
 y - a throwing net
Armour
 f - a +1 ring mail
 x - a +0 pair of boots (worn)
 z - a +0 chain mail (worn)
Jewellery
 b - a ring of willpower (left hand)
 d - a ring of magical power
 k - a ring of ice
 l - a +6 ring of strength (right hand)
 m - a +6 ring of strength
Scrolls
 j - a scroll of amnesia
 o - a scroll of teleportation
 v - a scroll of magic mapping
Potions
 e - a potion of magic {unknown}
 i - 2 potions of brilliance {unknown}
 p - 2 potions of attraction {unknown}
 q - a potion of mutation {unknown}
 s - a potion of flight


   Skills:
 + Level 6.1 Fighting
 * Level 8.7 Axes
 + Level 1.5 Armour
 - Level 3.0 Dodging
 - Level 2.0 Stealth
 - Level 3.0 Invocations


You had 6 spell levels left.
You didn't know any spells.
Your spell library contained the following spells:

 Spells                   Type           Power      Damage    Failure   Level
 Beastly Appendage        Tmut           0%         N/A       98%         1
 Wereblood                Tmut           0%         N/A       99%         2
 Conjure Flame            Conj/Fire      0%         6-21      100%        3
 Ignite Poison            Fire/Tmut/Pois 0%         N/A       100%        3
 Spider Form              Tmut/Pois      0%         N/A       100%        3
 Sticky Flame             Conj/Fire      0%         2d3       100%        4


Dungeon Overview and Level Annotations

Branches:
Dungeon (5/15)
 Temple: D:4-7

Altars:
Ashenzari
Elyvilon
Okawaru


Message History

You slash the ogre!
The ogre is moderately wounded.
The ogre closely misses you.
You slice the ogre!!
You kill the ogre!
Okawaru accepts your kill.
Your base Fighting skill increases to level 6!
No target in view!
You see here a +0 giant club.
You feel like a meek peon again.
c - 150 stones (gained 1)
c - 151 stones (gained 1)
You now have 165 gold pieces (gained 14).
c - 152 stones (gained 1)
A centaur comes into view. It is carrying a wand of acid (9).
The centaur shouts!
The centaur wields a +0 shortbow.
The centaur shoots an arrow.
The arrow hits you!
The centaur shoots an arrow.
The arrow hits you!
The centaur shoots an arrow.
The arrow closely misses you.
The centaur zaps a wand.
The bolt of acid hits you!!
You are too injured to fight recklessly!
You are too injured to fight recklessly!
You are too injured to fight recklessly!
You are too injured to fight recklessly!
You hit the centaur but do no damage.
The centaur zaps a wand.
The bolt of acid hits you!!
* * * LOW HITPOINT WARNING * * *
The acid corrodes you!
The centaur unwields a +0 shortbow.
The centaur hits you but does no damage.
The centaur kicks you but does no damage.
Okay, then.
You feel better. The centaur hits you.
* * * LOW HITPOINT WARNING * * *
The centaur kicks you but does no damage.
You hit the centaur.
The centaur is moderately wounded.
The centaur zaps a wand.
The bolt of acid hits you!!
Ouch! That really hurt!
You die...

##### ...##
### #..# #..
#..## #.#
#...########
#c#
#.......)..<
#@#
#.....######
#.#####.....#
#...........#
#.#####...###
#.# #...# #.#
#.### #.# #.#
#.. #.# ###
#.#


You could see a centaur.

Vanquished Creatures
  Edmund (D:5)
  An ogre (D:5)
  Blork the orc (D:5)
  A scorpion (D:5)
  A water moccasin skeleton (D:4)
  A hound (D:3)
  2 centaur zombies
  An iguana (D:4)
  7 gnolls (D:4)
  3 adders
  A worm (D:3)
  4 dart slugs
  14 orcs
  7 ball pythons
  5 bats
  9 endoplasms
  3 giant cockroaches
  9 goblins
  6 hobgoblins
  6 jackals
  A quokka (D:1)
  3 frilled lizards
  12 kobolds
  7 rats
106 creatures vanquished.

Notes
Turn   | Place    | Note
-------+----------+-------------------------------------------
     0 | D:1      | hbsock the Hill Orc Monk began the quest for the Orb.
     0 | D:1      | Reached XP level 1. HP: 19/19 MP: 1/1
    59 | D:1      | Reached XP level 2. HP: 10/27 MP: 2/2
  1070 | D:1      | Reached XP level 3. HP: 21/33 MP: 3/3
  2402 | D:2      | Reached skill level 5 in Axes
  2946 | D:3      | Reached XP level 4. HP: 37/40 MP: 4/4
  3039 | D:3      | Found an iron altar of Okawaru.
  3889 | D:3      | Reached skill level 6 in Axes
  3889 | D:3      | Reached XP level 5. HP: 39/47 MP: 5/5
  4374 | D:3      | Became a worshipper of Warmaster Okawaru
  4374 | D:3      | Reached * piety under Okawaru
  4374 | D:3      | Reached ** piety under Okawaru
  4515 | D:4      | Reached skill level 1 in Invocations
  4885 | D:4      | Found a white marble altar of Elyvilon.
  4916 | D:4      | Reached skill level 5 in Fighting
  4916 | D:4      | Reached XP level 6. HP: 44/56 MP: 4/7
  4918 | D:4      | Reached skill level 7 in Axes
  5774 | D:5      | Entered Level 5 of the Dungeon
  5874 | D:5      | Found a broken altar of Ashenzari.
  5952 | D:5      | Noticed Edmund
  5989 | D:5      | Killed Edmund
  5990 | D:5      | Reached XP level 7. HP: 28/61 MP: 5/9
  6241 | D:5      | Reached skill level 8 in Axes
  6428 | D:5      | Noticed Blork the orc
  6431 | D:5      | Killed Blork the orc
  6432 | D:5      | Reached skill level 1 in Armour
  6560 | D:5      | HP: 2/63 [centaur/bolt of acid (25)]
  6562 | D:5      | Killed from afar by a centaur

Illustrated notes

Levels and vault maps discovered:
D:1:      elethiomel_arrival_infinity_welcomes_careful_drivers, layout_basic
D:2:      layout_basic, minmay_quadrilaterals
D:3:      layout_basic, kennysheep_okawaru_gauntlet
D:4:      layout_loops_ring, elyvilon_altar_3, minivault_27,
          nicolae_concentric_dashed_squares_mild
D:5:      layout_loops_ring, cheibrodos_ashenzari_chains, roderic_lattice_a,
          uniq_blork_the_orc, uniq_edmund

Skill      XL: |  1  2  3  4  5  6  7 |
---------------+----------------------+-----
Stealth        | 2 |  2.0
Fighting       | 4 5 6 |  6.1
Axes           | 5 6 7 8 |  8.7
Dodging        | 3 |  3.0
Invocations    | 2 3 |  3.0
Armour         | 1 |  1.5

Action                   |  1- 3 |  4- 6 |  7- 9 || total
-------------------------+-------+-------+-------++-------
Melee: Hand axe          |   149 |   238 |    31 ||   418
       Punch             |       |     5 |       ||     5
       War axe           |       |       |     6 ||     6
Throw: Stone             |     4 |    21 |     3 ||    28
Invok: Heroism           |       |     5 |     3 ||     8
  Use: Scroll            |     6 |     2 |       ||     8
       Potion            |       |       |     1 ||     1
 Stab: Sleeping          |     1 |     2 |       ||     3
Armor: Robe              |    18 |       |       ||    18
       Ring mail         |    23 |    53 |     1 ||    77
       Chain mail        |       |       |    20 ||    20
Dodge: Dodged            |    88 |   144 |    19 ||   251
